 Dungeon Crawl Stone Soup version 0.31.0-12-g77e489cdc1 (webtiles) character file.

Game seed: 13737371665993437814

70 jagang the Slasher (level 4, -3/35 HPs)
             Began as a Human Monk on Mar 6, 2024.
             Slain by Sigmund
             ... wielding a +0 scythe
              (10 damage)
             ... on level 2 of the Dungeon.
             The game lasted 00:02:41 (1058 turns).

jagang the Slasher (Human Monk)                     Turns: 1058, Time: 00:02:41

Health: -3/35      AC:  6    Str: 11    XL:     4   Next: 21%
Magic:  4/4        EV:  9    Int: 10    God:
Gold:   43         SH:  0    Dex: 18    Spells: 3/3 levels left

rFire   . . .        a - +0 falchion
rCold   . . .        d - orb {light}
rNeg    . . .        k - +0 scale mail
rPois   .            (no helmet)
rElec   .            (no cloak)
rCorr   .            (no gloves)
SInv    .            (no boots)
Will    .....        (no amulet) Stlth
                     (no ring)
HPRegen 0.25/turn    (no ring)
MPRegen 0.09/turn

%: no passive effects
@: glowing
A: explore regen
a: no special abilities


You were on level 2 of the Dungeon.
You visited 1 branch of the dungeon, and saw 2 of its levels.

You collected 43 gold pieces.

Inventory:

Hand Weapons
 a - a +0 falchion (weapon)
Missiles
 j - 2 darts of dispersal
Armour
 d - an orb of light (worn)
 k - a +0 scale mail (worn)
Scrolls
 b - a scroll of fear {unknown}
 e - 2 scrolls of teleportation {unknown}
 l - a scroll of blinking {unknown}
 m - 2 scrolls of poison {unknown}
Potions
 c - 2 potions of ambrosia
 g - a potion of lignification {unknown}
 h - 2 potions of cancellation {unknown}
 i - a potion of haste {unknown}


   Skills:
 + Level 3.5 Fighting
 * Level 4.1 Long Blades
 + Level 1.5 Armour
 - Level 3.0 Dodging


You had 3 spell levels left.
You didn't know any spells.
Your spell library was empty.

Dungeon Overview and Level Annotations

Branches:
Dungeon (2/15)

Altars:

Annotations:
D:2 Sigmund


Innate Abilities, Weirdness & Mutations

You regain HP and MP as you explore.


Message History

Sigmund looks more healthy.
Sigmund casts a spell.
Sigmund flickers and vanishes for a moment.
You bump into the rock wall.
Sigmund closely misses you.
You bump into the rock wall.
Sigmund hits you with a +0 scythe.
You're too confused to move!
Sigmund casts a spell at you. The puff of flame hits you!
You bump into the rock wall.
Sigmund hits you with a +0 scythe!
You bump into the rock wall.
You feel less confused. Sigmund barely misses you.
You hit Sigmund.
Sigmund is heavily wounded.
You hit Sigmund.
Sigmund is severely wounded.
Sigmund barely misses you.
You closely miss Sigmund.
Sigmund is severely wounded.
Sigmund hits you but does no damage.
You barely miss Sigmund.
Sigmund is severely wounded.
You hit Sigmund but do no damage.
Sigmund is severely wounded.
Sigmund points at you and mumbles some strange words.
You are confused.
Sigmund points at you and mumbles some strange words.
The magic dart hits you.
* * * LOW HITPOINT WARNING * * *
You're too confused to move!
Sigmund closely misses you.
Sigmund points at you and mumbles some strange words.
The magic dart hits you.
* * * LOW HITPOINT WARNING * * *
You bump into the rock wall.
Sigmund hits you from afar with a +0 scythe.
* * * LOW HITPOINT WARNING * * *
You feel less confused. Sigmund hits you with a +0 scythe!
You die...
Sigmund begins carving another notch in his scythe.

............†......
...................
#........$.........
####.................
...#................
#..######....#....#
#..#####÷##......#
#..<.##.####.....
####..@..##..###.
##@......##
#....#...#
#....#...####
#............
#####(.......
♣.............
♣.............
♣#############


You could see Sigmund (invisible).

Vanquished Creatures
  3 adders (D:2)
  2 dart slugs (D:1)
  A ribbon worm (D:1)
  3 ball pythons (D:1)
  2 endoplasms (D:1)
  2 giant cockroaches (D:1)
  3 goblins (D:1)
  4 hobgoblins (D:1)
  6 jackals (D:1)
  2 quokkas
  2 bats (D:1)
  2 rats (D:1)
32 creatures vanquished.

Notes
Turn   | Place    | Note
-------+----------+-------------------------------------------
     0 | D:1      | jagang the Human Monk began the quest for the Orb.
     0 | D:1      | Reached XP level 1. HP: 18/18 MP: 1/1
   109 | D:1      | Reached XP level 2. HP: 24/24 MP: 2/2
   276 | D:1      | Reached skill level 1 in Armour
   277 | D:1      | Reached XP level 3. HP: 23/29 MP: 3/3
   795 | D:2      | Noticed Sigmund
   815 | D:2      | Reached skill level 4 in Long Blades
   815 | D:2      | Reached XP level 4. HP: 14/35 MP: 4/4
  1058 | D:2      | Slain by Sigmund

Illustrated notes

Levels and vault maps discovered:
D:1:      lemuel_arrival_broad_hall, layout_basic
D:2:      layout_rooms, serial_forest, infiniplex_forest_lined_4_way,
          infiniplex_forest_straight_4, infiniplex_forest_lined_2,
          infiniplex_forest_diagonal, infiniplex_forest_corner_2,
          infiniplex_forest_lined_room_2, ebering_ecumenical_altar_rust,
          uniq_sigmund

Skill      XL: |  1  2  3 |
---------------+----------+-----
Armour         | 1 |  1.5
Long Blades    | 4 |  4.1
Fighting       | |  3.5
Dodging        | |  3.0

Action                     |  1- 3 |  4- 6 || total
---------------------------+-------+-------++-------
  Melee: Falchion          |    82 |    23 ||   105
  Throw: Dart              |       |     2 ||     2
 Armour: Robe              |    30 |       ||    30
         Scale mail        |    27 |    27 ||    54
  Dodge: Dodged            |    75 |    16 ||    91
